 Dungeon Crawl Stone Soup version 0.25-a0-277-g7046ed1b37 (webtiles) character file.

Game seed: 2947487402708821922, levelgen mode: deterministic

29 floatRand the Chopper (level 3, 25/27 HPs)
             Began as a Demonspawn Gladiator on Dec 9, 2019.
             Quit the game on level 1 of the Dungeon.
             The game lasted 00:00:56 (798 turns).

floatRand the Chopper (Demonspawn Gladiator)         Turns: 798, Time: 00:00:57

Health: 25/27      AC:  4    Str: 14    XL:     3   Next: 1%
Magic:  3/3        EV: 12    Int:  9    God:
Gold:   25         SH:  0    Dex: 15    Spells: 2/2 levels left

rFire    . . .     SeeInvis .   a - +0 war axe
rCold    . . .     Gourm    .   (no shield)
rNeg     . . .     Faith    .   b - +0 leather armour
rPois    .         Spirit   .   c - +0 helmet
rElec    .         Reflect  .   (no cloak)
rCorr    .         Harm     .   (no gloves)
MR       .....                  (no boots)
Stlth    ++........             (no amulet)
HPRegen  0.09/turn              (no ring)
MPRegen  0.08/turn              (no ring)

@: no status effects
A: claws 1, spiny 1
a: no special abilities


You were on level 1 of the Dungeon.
You were not hungry.

You visited 1 branch of the dungeon, and saw 1 of its levels.

You collected 25 gold pieces.

Inventory:

Hand Weapons
 a - a +0 war axe (weapon)
Missiles
 d - 3 throwing nets (quivered)
Armour
 b - a +0 leather armour (worn)
 c - a +0 helmet (worn)
Scrolls
 h - a scroll of remove curse {unknown}
Potions
 e - a potion of cancellation {unknown}
 i - a potion of brilliance {unknown}
Comestibles
 f - a ration
 g - 2 chunks of flesh


   Skills:
 - Level 2.0 Fighting
 + Level 3.2 Axes
 - Level 1.7 Throwing
 + Level 1.1 Armour
 - Level 2.6 Dodging
 + Level 1.2 Stealth


You had 2 spell levels left.
You didn't know any spells.
Your spell library was empty.

Dungeon Overview and Level Annotations

Branches:
Dungeon (1/15)

Altars:


Innate Abilities, Weirdness & Mutations

You have sharp fingernails.
You are partially covered in sharp spines.


Message History

You hit the rat.
The rat is moderately wounded.
The rat bites you but does no damage.
You hit the rat.
You kill the rat!
You have reached level 3!
Your experience leads to an increase in your attributes!
Increase (S)trength, (I)ntelligence, or (D)exterity?
You feel agile.
Your demonic ancestry asserts itself...
Your fingernails lengthen.
A frilled lizard comes into view.
You see here a rat corpse.
A frilled lizard is nearby!
A frilled lizard is nearby!
The helpless frilled lizard fails to defend itself.
You slash the frilled lizard!
You kill the frilled lizard!
No target in view!
You see here a frilled lizard corpse.
Are you sure you want to abandon this character and quit the game? (Confirm with "yes".)

###.#..###
.........#... ..#
#####.......# #.#
####...###.## #.#
...........# #.#
####.#...... ..##
.......#########..
#.##.#.# #.....#
#.##.#.#########@#
...#.....†.......#
.......#########.#
.......# ..#
.......# ####
.......# .......#
.......# ...#####


There were no monsters in sight!

Vanquished Creatures
  A gnoll (D:1)
  2 leopard geckos (D:1)
  2 goblins (D:1)
  4 hobgoblins (D:1)
  2 bats (D:1)
  2 frilled lizards (D:1)
  5 rats (D:1)
18 creatures vanquished.

Notes
Turn   | Place    | Note
-------+----------+-------------------------------------------
     0 | D:1      | floatRand the Demonspawn Gladiator began the quest for the
                  | Orb.
     0 | D:1      | Reached XP level 1. HP: 16/16 MP: 1/1
   237 | D:1      | Reached skill level 3 in Axes
   284 | D:1      | Gained mutation: You are partially covered in sharp spines.
                  | [demonic ancestry]
   284 | D:1      | Reached XP level 2. HP: 13/22 MP: 2/2
   654 | D:1      | Reached skill level 1 in Armour
   654 | D:1      | Reached skill level 1 in Stealth
   787 | D:1      | Gained mutation: You have sharp fingernails. [demonic
                  | ancestry]
   787 | D:1      | Reached XP level 3. HP: 24/27 MP: 3/3
   798 | D:1      | Quit the game

Levels and vault maps discovered:
D:1:      wander_arrival_peaceful_grave, layout_basic, serial_bayou_lagoon_b

Skill      XL: |  1  2 |
---------------+-------+-----
Axes           | 3 |  3.2
Armour         | 1 |  1.1
Stealth        | 1 |  1.2
Fighting       | |  2.0
Throwing       | |  1.7
Dodging        | |  2.6

Action                   || total
-------------------------++-------
Melee: War axe           ||    41
 Stab: Sleeping          ||     1
Armor: Leather armour    ||    12
Dodge: Dodged            ||    25

Table legend:
 A = Non-vault XP
 B = Vault XP
 C = Vault XP percentage of total XP
 D = Non-vault monster count
 E = Vault monster count
 F = Vault count percentage of total count
                 A         B        C        D         E       F
            +---------+---------+-------+---------+---------+-------
      Total |      42 |       0 |   0.0 |      18 |       0 |   0.0
            +---------+---------+-------+---------+---------+-------
        D:1 |      42 |       0 |   0.0 |      18 |       0 |   0.0
            +---------+---------+-------+---------+---------+-------
